 Dungeon Crawl Stone Soup version 0.17-a0-2101-g0c122e7 (webtiles) character file.

1579 radek the Infuser (level 8, 0/41 HPs)
             Began as a Deep Elf Conjurer on Oct 18, 2015.
             Slain by a centaur (9 damage)
             ... on level 6 of the Dungeon.
             The game lasted 00:33:21 (8429 turns).

radek the Infuser (Deep Elf Conjurer)               Turns: 8429, Time: 00:33:21

Health: 0/41       AC:  5    Str: 11    XL:     8   Next: 60%
Magic:  2/16       EV: 13    Int: 25    God:
Gold:   386        SH:  0    Dex: 15    Spells: 2 memorised, 9 levels left

rFire  + . .     SeeInvis .     q - +0 flail (crush)
rCold  x . .     Clarity  .     a - +0 robe
rNeg   . . .     SustAt   .     (no shield)
rPois  .         Gourm    .     (no helmet)
rElec  .         Spirit   .     (no cloak)
rCorr  .         Warding  .     (no gloves)
rMut   .         Stasis   .     i - +2 pair of boots {Stlth+}
MR     .....                    d - amulet of regeneration
Stlth  +++.......               u - ring of fire
                                k - +3 ring of intelligence

@: mighty, not resistant to hostile enchantments, fairly stealthy
A: no striking features
a: no special abilities


You were on level 6 of the Dungeon.
You were very hungry.

You visited 1 branch of the dungeon, and saw 6 of its levels.

You collected 386 gold pieces.

Inventory:

Hand Weapons
 q - a +0 flail of crushing (weapon)
Armour
 a - a +0 robe (worn)
 i - a +2 pair of boots of stealth (worn)
Jewellery
 d - an amulet of regeneration (around neck)
 k - a +3 ring of intelligence (left hand)
 u - a ring of fire (right hand)
Scrolls
 f - a scroll of fear
 h - a scroll of enchant armour
 j - a scroll of amnesia
 m - a scroll of remove curse
 o - 5 scrolls of teleportation
 s - 2 scrolls of enchant weapon {unknown}
 v - 3 scrolls of identify
 x - a scroll of blinking
Potions
 e - a potion of degeneration {unknown}
 g - a potion of ambrosia {unknown}
 n - 3 potions of lignification
 p - 2 potions of heal wounds {unknown}
 r - 2 potions of might
 w - 3 potions of curing {unknown}
Books
 b - a book of Conjurations

   Spells                             Type                      Level
   a - Magic Dart                     Conjuration                  1
   b - Searing Ray                    Conjuration                  2
   c - Dazzling Spray                 Conjuration/Hexes            3
   d - Fulminant Prism                Conjuration/Hexes            4
   e - Iskenderun's Mystic Blast      Conjuration                  4
   f - Iskenderun's Battlesphere      Conjuration/Charms           5
 l - a book of Maledictions

   Spells                             Type                      Level
   a - Corona                         Hexes                        1
   b - Ensorcelled Hibernation        Hexes/Ice                    2
   c - Confuse                        Hexes                        3
   d - Tukima's Dance                 Hexes                        3
   e - Dazzling Spray                 Conjuration/Hexes            3
Comestibles
 c - 3 bread rations
 t - a meat ration
 z - a chunk of flesh


   Skills:
 - Level 2.4 Dodging
 - Level 2.4 Stealth
 + Level 4.4 Spellcasting
 * Level 8.8 Conjurations
 * Level 11.0 Charms


You had 9 spell levels left.
You knew the following spells:

 Your Spells              Type           Power        Failure   Level  Hunger
a - Magic Dart            Conj           ####         1%          1    None
b - Iskenderun's Battles  Conj/Chrm      ######..     4%          5    #####..


Dungeon Overview and Level Annotations

Branches:
Dungeon (6/15)
 Temple: D:4-7

Altars:
Ashenzari
Kikubaaqudgha
Ru
Yredelemnul


Message History

Aim: a centaur, wielding a shortbow (moderately wounded)
The magic dart hits the centaur.
The centaur is heavily wounded.
The centaur unwields an uncursed shortbow.
The centaur hits you.
* * * LOW HITPOINT WARNING * * *
Casting: Magic Dart
Confirm with . or Enter, or press ? or * to list all spells.
Aiming: Magic Dart
Press: ? - help, Shift-Dir - straight line, f/p - centaur
Aim: a centaur (heavily wounded)
The magic dart hits the centaur.
The centaur is heavily wounded.
The centaur hits you but does no damage.
The centaur misses you.
Drink which item? (? for menu, Esc to quit)
It was a potion of might.
You feel very mighty all of a sudden. The centaur hits you!
You die...

##...####+#........# #####
##[..##...'........#
..........#........#
..........#........#
..........#........#
..........#........#
#'#####...#........##########
......#...######+#..........#
......#.........@c..........#
..)...'..........#..........#
......#..........#...(......#
......##'###+###'#..........#
...................(#########
....................#
....................#
##[###...).......(..#
.....#........(.(...#


You could see a centaur.

Vanquished Creatures
  Grinder (D:5)
  Menkaure (D:5)
  An ice beast (D:6)
  An ogre (D:5)
  A centaur (D:5)
  2 giant frogs (D:6)
  2 jellies (D:5)
  5 wights
  A crimson imp (D:5)
  A giant frog zombie (D:5)
  A hound (D:4)
  A quasit (D:6)
  An orc wizard (D:3)
  A giant frog skeleton (D:5)
  An orc priest (D:5)
  3 worker ants
  A hound zombie (D:5)
  A hound skeleton (D:4)
  A worker ant zombie (D:5)
  4 gnolls
  12 adders
  3 worms
  4 giant geckos
  11 orcs
  4 ball pythons
  8 giant cockroaches
  5 goblins (D:3)
  11 hobgoblins
  2 jackals (D:3)
  4 quokkas
  9 bats
  A giant gecko skeleton (D:6)
  11 giant newts
  7 kobolds
  9 rats
132 creatures vanquished.

Notes
Turn   | Place    | Note
--------------------------------------------------------------
     0 | D:1      | radek the Deep Elf Conjurer began the quest for the Orb.
     0 | D:1      | Reached XP level 1. HP: 10/10 MP: 6/6
   160 | D:1      | Reached XP level 2. HP: 15/15 MP: 6/8
   172 | D:1      | Reached skill level 5 in Conjurations
   591 | D:1      | You fall through a shaft!
   788 | D:2      | Reached XP level 3. HP: 19/19 MP: 7/9
   972 | D:2      | Reached skill level 6 in Conjurations
  1036 | D:2      | Found a shattered altar of Ashenzari.
  1036 | D:2      | Found a basalt altar of Yredelemnul.
  1364 | D:2      | Reached XP level 4. HP: 24/24 MP: 8/10
  2128 | D:4      | Reached skill level 7 in Conjurations
  2128 | D:4      | Reached XP level 5. HP: 16/28 MP: 3/11
  2195 | D:4      | Learned a level 5 spell: Iskenderun's Battlesphere
  2249 | D:4      | Reached skill level 1 in Charms
  2351 | D:4      | Found an ancient bone altar of Kikubaaqudgha.
  3357 | D:3      | Reached XP level 6. HP: 32/32 MP: 3/12
  3797 | D:3      | Found a sacrificial altar of Ru.
  4195 | D:5      | Entered Level 5 of the Dungeon
  4218 | D:5      | Reached skill level 5 in Charms
  4836 | D:5      | Noticed Grinder
  4844 | D:5      | Killed Grinder
  4844 | D:5      | Reached skill level 8 in Charms
  4844 | D:5      | Reached XP level 7. HP: 36/36 MP: 3/13
  5063 | D:5      | Reached skill level 9 in Charms
  5459 | D:5      | Noticed Menkaure
  5464 | D:5      | Killed Menkaure
  5464 | D:5      | Reached skill level 10 in Charms
  5670 | D:5      | Reached XP level 8. HP: 33/41 MP: 5/14
  8088 | D:6      | Reached skill level 11 in Charms
  8429 | D:6      | Slain by a centaur

Vault maps used:
D:1:      lightli_arrival_maybe_door_vault
D:2:      gammafunk_temple_overflow_statue, kennysheep_generic_room_15
D:3:      lemuel_round_altar, first_bread, minmay_stone_trees_small,
          minmay_cupped
D:4:      kennysheep_mini_moat, interstate_on_off
D:5:      uniq_grinder, uniq_menkaure

Action                   |  1- 3 |  4- 6 |  7- 9 || total
-------------------------+-------+-------+-------++-------
Melee: Unarmed           |     6 |       |       ||     6
       Flail             |       |     4 |     4 ||     8
 Cast: Magic Dart        |    72 |   188 |    86 ||   346
       Iskenderun's Batt |       |     4 |    15 ||    19
  Use: Scroll            |       |       |    10 ||    10
       Potion            |       |       |     1 ||     1
  Eat: Chunk             |     1 |     7 |       ||     8
       Meat ration       |       |     1 |     2 ||     3
       Bread ration      |       |       |     1 ||     1
       Beef jerky        |       |       |     1 ||     1
